Unix NetHack Version 5.0.0-0 post-release - last build Jul 14 2026 02:55:29 (1809b74e8187c3a3585e283601c3028b46cbbdcb,branch:main).

Game began 2026-07-16 18:50:30, ended 2026-07-17 15:57:58.

Koku, neutral female gnomish Wizard

                                            -------
                                            |....<|
   ---------                                |.....|           -----------
   |*!*/.[.ff                               |.....-###########.**.......|
   |.)....%|@                               -------#          |*...^....|
   |+!..%.[|oo                   ###################          .*..^....*-
   |.+.[.*.| [      ------                 ####    #          -----------
   |.%..*!.| oo##   |....|     ################*   ##
   |*?[..).|    #   |....|     #         ------.-   ##
   ---------    ####.....-###############-<.....|    #
                    |....|               |.....{|    #
                    ------               |......|    #----------
                                         |......-### #|........|
                                         |......|  # #.........|
                                         |......|  ###|...**...|
                                         --------    #.........+
                                                      ----------

Koku the Thaumaturge      St:12 Dx:11 Co:16 In:19 Wi:13 Ch:11  Neutral
Dlvl:7  $:24 HP:0(40) Pw:49(54) AC:8  Xp:6 T:6092 

Latest messages:
 You do not owe Chibougamau anything.
 You do not owe Chibougamau anything.
 You see here an orc corpse (for sale, 11 zorkmids).
 You do not owe Chibougamau anything.
 Tulip drops an orcish helm.
 Tulip picks up a potion of extra healing.
 There is an open door here.
 You see here a pick-axe.
 The Uruk-hai wields a crude short sword!
 Iris misses the Uruk-hai.
 M - a pick-axe.
 Iris misses the Uruk-hai.
 Iris misses it.
 Iris misses it.
 Iris drops a food ration.
 Iris bites it.
 Iris misses it.
 Iris misses it.
 Tulip drops a potion of extra healing.
 Iris bites it.
 "Hello, Koku!  Welcome again to Chibougamau's general store!"
 "Will you please leave your pick-axe outside?"
 There is an open door here.
 You see here a potion of extra healing.
 Iris misses the Uruk-hai.
 The Uruk-hai wields a crude bow!
 Iris picks up a food ration.
 Iris misses the Uruk-hai.
 p - a potion of extra healing.
 Iris bites the Uruk-hai.
 The Uruk-hai wields a crude short sword!
 Iris misses the Uruk-hai.
 Iris misses it.
 Iris misses it.
 The Uruk-hai shoots 2 poisoned crude arrows!
 The 1st poisoned crude arrow hits Iris.
 The 2nd poisoned crude arrow hits Iris!
 Iris drops a food ration.
 The Uruk-hai wields a crude short sword!
 You swap places with Iris.
 The Uruk-hai thrusts his crude short sword.
 The Uruk-hai hits!
 The Uruk-hai thrusts his crude short sword.
 The Uruk-hai hits!
 You die...
 Do you want your possessions identified? [ynq] (y) y
 Do you want to see your attributes? [ynq] (y) y
 Do you want an account of creatures vanquished? [ynaq] (y) y
 Do you want to see your conduct and achievements? [ynq] (y) y
 Do you want to see the dungeon overview? [ynq] (y) y

Inventory:
 Coins    ('$')
  $ - 24 gold pieces
 Weapons  (')')
  Y - 2 +0 daggers
  Z - 2 cursed -1 daggers (wielded)
  a - a blessed +1 quarterstaff
 Armor    ('[')
  q - an uncursed +0 orcish helm (being worn)
  b - an uncursed +0 cloak of magic resistance (being worn)
  h - an uncursed +0 cloak of magic resistance
 Comestibles  ('%')
  x - 2 uncursed slime molds
 Scrolls  ('?')
  K - an uncursed scroll of destroy armor
 Spellbooks  ('+')
  G - an uncursed spellbook of clairvoyance
  R - an uncursed spellbook of cure blindness
  k - a blessed spellbook of force bolt
  U - an uncursed spellbook of jumping
  l - an uncursed spellbook of protection
 Potions  ('!')
  p - an uncursed potion of extra healing
 Rings    ('=')
  d - an uncursed ring of polymorph
  e - an uncursed ring of regeneration
 Wands    ('/')
  F - a wand of opening (0:7)
  D - a cursed wand of slow monster (0:4)
  V - a wand of striking (0:7)
  c - a wand of striking (0:2)
 Tools    ('(')
  f - an uncursed leash (attached to Tulip)
  m - a magic marker (0:22)
  M - a +0 pick-axe
  z - an uncursed skeleton key
  P - an uncursed stethoscope
  T - an uncursed tallow candle
  i - an uncursed towel
 Gems/Stones  ('*')
  Q - an uncursed worthless piece of green glass
  A - an uncursed worthless piece of violet glass
  O - an uncursed worthless piece of yellow glass
  v - an uncursed luckstone
  t - an uncursed touchstone
  w - 9 uncursed rocks

Koku the Wizard's attributes:

Background:
 You were a Thaumaturge, a level 6 female gnomish Wizard.
 You were neutral, on a mission for Thoth
 who was opposed by Ptah (lawful) and Anhur (chaotic).
 You were right-handed.
 You were in the Dungeons of Doom, on level 7.
 You entered the dungeon 6092 turns ago.
 There was a new moon in effect when your adventure ended.
 You had 552 experience points, 88 more were needed to attain level 7.

Basics:
 You had 0 out of 40 hit points.
 You had 49 out of 54 energy points (spell power).
 Your armor class was 8.
 Your wallet contained 24 zorkmids.
 Autopickup was off.

Final Characteristics:
 Your strength was 12 (limit:18/50).
 Your dexterity was 11 (limit:18).
 Your constitution was 16 (limit:18).
 Your intelligence was 19 (limit:19).
 Your wisdom was 13 (limit:18).
 Your charisma was 11 (limit:18).

Final Status:
 You weren't hungry.
 You were unencumbered.
 You were wielding daggers.
 You had basic skill with dagger.

Final Attributes:
 You were piously aligned.
 You were magic-protected.
 You were telepathic.
 You had infravision.
 You were warded.
 You were lucky.
 You had extra luck.
 Bad luck did not time out for you.
 Good luck did not time out for you.
 You are dead.

Miscellaneous:
 You didn't encounter any bones levels.
 Total elapsed playing time was 45 minutes and 40 seconds.

Major events:
 Turn
    1: Koku the neutral female gnomish Wizard entered the dungeon
  865: entered the Gnomish Mines
 1374: attained the rank of Conjurer (level 3)
 4405: attained the rank of Thaumaturge (level 6)
 5006: entered Sokoban
 6092: killed by an Uruk-hai

Spells:
 Name                 Level Category     Fail Retention
 force bolt             1   attack         0%   61%-70%
 protection             1   clerical       0%   51%-75%
 cure blindness         2   healing       54%  76%-100%
 create monster         2   clerical      54%  76%-100%
 clairvoyance           3   divination    81%  76%-100%

Skills:
 Fighting Skills
   bare handed combat [Unskilled]
   riding             [Unskilled]
 Weapon Skills
   dagger             [Basic]
   knife              [Unskilled]
   axe                [Unskilled]
   short sword        [Unskilled]
   club               [Unskilled]
   mace               [Unskilled]
   quarterstaff       [Basic]
   polearms           [Unskilled]
   spear              [Unskilled]
   trident            [Unskilled]
   sling              [Unskilled]
   dart               [Unskilled]
   shuriken           [Unskilled]
 Spellcasting Skills
   attack spells      [Basic]
   healing spells     [Unskilled]
   divination spells  [Unskilled]
   enchantment spells [Basic]
   clerical spells    [Unskilled]
   escape spells      [Unskilled]
   matter spells      [Unskilled]

Voluntary challenges:
 Character rerolling was not enabled.
 You never genocided any monsters.
 You never polymorphed an object.
 You used no wishes.
 You did not violate any of the special Sokoban rules.
Achievements:
 You entered the Gnomish Mines.
 You attained the rank of Conjurer.
 You attained the rank of Thaumaturge.
 You entered Sokoban.
 You entered a shop.

 The Dungeons of Doom: levels 1 to 7
    Level 1:
       A fountain.
    Level 2:
       Stairs down to The Gnomish Mines.
    Level 3:
    Level 4:
       A fountain, a sink.
    Level 5: "last prayed, turn 2820, got telepathy"
    Level 6:
       Many fountains.
    Level 7: <- You were here.
       A general store, a fountain.
       Stairs up to Sokoban, level 6.
       Final resting place for
          you, killed by an Uruk-hai.
 The Gnomish Mines: levels 3 to 4
    Level 3:
    Level 4:
 Sokoban:
    Level 6:
       Unsolved.


Vanquished creatures:
  3 small mimics
 an orc mummy
  a dingo
  a dwarf leader
  a water nymph
  2 Uruk-hai
  3 rock piercers
  2 fog clouds
  4 yellow lights
  a shrieker
  a violet fungus
  3 gnome leaders
  a black naga hatchling
  a ghoul
  3 floating eyes
  a kitten
  3 dwarves
  2 homunculi
  a kobold leader
  6 rothes
  a centipede
  3 giant bats
  5 orc zombies
  5 dwarf zombies
  3 werejackals
  7 iguanas
 an acid blob
  2 coyotes
  2 gas spores
  2 hobbits
  8 manes
  a large kobold
  a hobgoblin
  7 giant rats
  6 cave spiders
  a brown mold
  2 yellow molds
  a green mold
  a red mold
  5 gnomes
  a garter snake
  6 geckos
  6 jackals
  2 foxes
  2 goblins
  5 sewer rats
  8 grid bugs
 10 lichens
  2 kobold zombies
 11 newts
158 creatures vanquished.

No species were genocided or became extinct.

Game over:
                       ----------
                      /          \
                     /    REST    \
                    /      IN      \
                   /     PEACE      \
                  /                  \
                  |       Koku       |
                  |      24 Au       |
                  |   killed by an   |
                  |     Uruk-hai     |
                  |                  |
                  |                  |
                  |       2026       |
                 *|     *  *  *      | *
        _________)/\\_//(\/(/\)/\//\/|_)_______

Goodbye Koku the Wizard...

You died in The Dungeons of Doom on dungeon level 7 with 2560 points,
and 24 pieces of gold, after 6092 moves.
You were level 6 with a maximum of 40 hit points when you died.

